 Dungeon Crawl Stone Soup version 0.23-a0-239-g84a5ed292d (webtiles) character file.

1788 Lepercus the Ruffian (level 8, 0/61 HPs)
             Began as a Demonspawn Berserker on Sept 26, 2018.
             Was an Elder of Trog.
             Slain by Harold
             ... wielding a +0 halberd
              (25 damage)
             ... on level 7 of the Dungeon.
             The game lasted 00:25:01 (5362 turns).

Lepercus the Ruffian (Demonspawn Berserker)         Turns: 5362, Time: 00:25:01

Health: 0/61       AC: 11    Str: 20    XL:     8   Next: 82%
Magic:  8/8        EV: 12    Int:  9    God:    Trog [****..]
Gold:   396        SH:  0    Dex: 12    Spells: 7/7 levels left

rFire    . . .     SeeInvis .     - Unarmed
rCold    . . .     Gourm    +   (no shield)
rNeg     . . .     Faith    .   i - +3 ring mail
rPois    .         Spirit   .   (helmet restricted)
rElec    .         Reflect  .   E - +0 cloak
rCorr    +         Harm     .   h - +0 pair of gloves (curse)
MR       +....                  (no boots)
Stlth    +.........             d - amulet of the gourmand
HPRegen  0.20/turn              g - ring of resist corrosion
MPRegen  0.11/turn              x - ring of protection from magic

@: berserk cooldown, slowed, very slow
A: horns 2, talons 1, foul stench 1, rot immunity
a: Berserk, Trog's Hand, Brothers in Arms, Renounce Religion


You were on level 7 of the Dungeon.
You worshipped Trog.
Trog was greatly pleased with you.
You were very full.

You visited 1 branch of the dungeon, and saw 7 of its levels.

You collected 396 gold pieces.

Inventory:

Hand Weapons
 C - a +4 quarterstaff of chaos
Armour
 a - a +0 animal skin
 h - a cursed +0 pair of gloves (worn)
 i - a +3 ring mail (worn)
 j - a +0 leather armour
 p - a +1 chain mail of positive energy
 s - a +0 leather armour
 w - a +0 helmet
 A - a +0 helmet
 E - a +0 cloak (worn)
Jewellery
 d - an amulet of the gourmand (around neck)
 g - a ring of resist corrosion (left hand)
 x - a ring of protection from magic (right hand)
 B - an uncursed ring of resist corrosion
 D - an uncursed amulet of harm
 F - an uncursed amulet of the acrobat {unknown}
Wands
 f - a wand of polymorph (14)
Scrolls
 l - a scroll of remove curse
 m - 3 scrolls of blinking
 v - 5 scrolls of teleportation
 y - 3 scrolls of identify
 z - a scroll of enchant weapon
 H - a scroll of fear
 I - a scroll of random uselessness {unknown}
Potions
 c - 2 potions of degeneration {unknown}
 e - 4 potions of curing
 k - 2 potions of agility
 n - a potion of flight {unknown}
 o - 4 potions of ambrosia
 q - a potion of heal wounds {unknown}
 r - a potion of invisibility {unknown}
 t - 3 potions of haste {unknown}
 u - 2 potions of brilliance
Comestibles
 b - 8 rations


   Skills:
 + Level 4.4 Fighting
 + Level 5.4 Armour
 + Level 3.8 Dodging
 + Level 2.3 Stealth
 + Level 7.9 Unarmed Combat


You had 7 spell levels left.
You didn't know any spells.
Your spell library was empty.

Dungeon Overview and Level Annotations

Branches:
Dungeon (7/15)             Temple (0/1) D:4

Altars:
Ashenzari
Cheibriados
Fedhas
Makhleb
Sif Muna
Vehumet
Xom
Yredelemnul

Shops:
D:4 }   D:6 [

Annotations:
D:7 Harold


Innate Abilities, Weirdness & Mutations

You have a pair of horns on your head.
You have sharp toenails.
You may emit foul miasma when damaged in melee.
You are immune to rotting.


Message History

You closely miss Harold. You claw Harold, but do no damage.
Your headbutt misses Harold.
Harold is engulfed in dark miasma.
Harold is poisoned.
Harold hits you with a halberd!
Harold looks sick.
You are too injured to fight recklessly!
You are too injured to fight recklessly!
You are too injured to fight recklessly!
You are too injured to fight recklessly!
You are too injured to fight recklessly!
You are too injured to fight recklessly!
You are too injured to fight recklessly!
You hit Harold but do no damage. Your kick misses Harold.
Harold is lightly wounded.
Harold is engulfed in dark miasma.
Harold looks even sicker.
Harold says, "Do you have any idea what people are willing to pay to have you Harold hits you but does no damage.
You punch Harold! You headbutt Harold, but do no damage.
Harold is lightly wounded.
Harold is engulfed in dark miasma.
Harold looks even sicker.
Harold seems to slow down.
Harold hits you with a halberd!!
You die...

####....
.........########....
#....................
#....................
##....................
#..........###...#....
#..........# #...#....
#.....@....# #...#....
#....@.....# #####....
##..........# ####....
#.....†.....# #.......
#...#...########.......
#...#...# #..........
### #...# ###..........
#####...# #..........(.
#.......# #............
#.......# #............


You could see Harold.

Vanquished Creatures
  A hippogriff (D:7)
  An orc warrior (D:6)
  A phantom (D:4)
  5 ogres
  A centaur (D:6)
  A bullfrog (D:6)
  A wyvern skeleton (D:6)
  2 crimson imps (D:7)
  A hound (D:4)
  3 jellies
  An orc priest (D:6)
  A bullfrog skeleton (D:6)
  Crazy Yiuf (D:6)
  An iguana (D:6)
  5 orc wizards
  4 worker ants
  A hound zombie (D:5)
  A hound skeleton (D:4)
  7 gnolls
  6 adders
  9 oozes
  2 worms
  3 dart slugs
  5 leopard geckos
  17 orcs
  4 giant cockroaches
  3 goblins (D:3)
  4 hobgoblins
  8 jackals
  2 quokkas
  A ball python (D:3)
  A ball python skeleton (D:4)
  5 bats
  4 frilled lizards
  12 kobolds
  A quokka zombie (D:5)
  4 rats
  A spectral orc (D:5)
  4 fungi (D:4)
135 creatures vanquished.

Vanquished Creatures (others)
  9 toadstools (D:4)
9 creatures vanquished.

Grand Total: 144 creatures vanquished

Notes
Turn   | Place    | Note
-------+----------+-------------------------------------------
     0 | D:1      | Lepercus the Demonspawn Berserker began the quest for the
                  | Orb.
     0 | D:1      | Reached XP level 1. HP: 18/18 MP: 1/1
   222 | D:1      | Gained mutation: You are immune to rotting. [demonic
                  | ancestry]
   222 | D:1      | Reached XP level 2. HP: 4/24 MP: 2/2
   527 | D:1      | You fall through a shaft!
   588 | D:2      | Found a radiant altar of Vehumet.
   861 | D:2      | Reached skill level 3 in Unarmed Combat
   861 | D:2      | Gained mutation: You have a pair of small horns on your
                  | head. [demonic ancestry]
   861 | D:2      | Reached XP level 3. HP: 17/29 MP: 3/3
  1227 | D:2      | Gained mutation: You have sharp toenails. [demonic
                  | ancestry]
  1227 | D:2      | Reached XP level 4. HP: 37/37 MP: 4/4
  1529 | D:3      | Reached ** piety under Trog
  2003 | D:3      | Found a blossoming altar of Fedhas.
  2009 | D:3      | Reached XP level 5. HP: 42/42 MP: 5/5
  2199 | D:4      | Found Fyud's Gadget Boutique.
  2204 | D:4      | Found a staircase to the Ecumenical Temple.
  2211 | D:4      | Noticed an ogre
  2217 | D:4      | Reached skill level 4 in Unarmed Combat
  2220 | D:4      | Killed an ogre
  2220 | D:4      | Reached skill level 1 in Stealth
  2270 | D:4      | Gained mutation: You have a pair of horns on your head.
                  | [demonic ancestry]
  2270 | D:4      | Reached XP level 6. HP: 33/48 MP: 6/6
  2418 | D:4      | Reached skill level 5 in Unarmed Combat
  2645 | D:4      | Reached XP level 7. HP: 54/54 MP: 7/7
  2649 | D:4      | Reached *** piety under Trog
  3170 | D:5      | Entered Level 5 of the Dungeon
  3256 | D:5      | Found a shimmering altar of Xom.
  3559 | D:5      | Reached skill level 6 in Unarmed Combat
  3866 | D:5      | Found a basalt altar of Yredelemnul.
  4071 | D:6      | Found a shattered altar of Ashenzari.
  4102 | D:6      | Found a deep blue altar of Sif Muna.
  4211 | D:6      | Gained mutation: You may emit foul miasma when damaged in
                  | melee. [demonic ancestry]
  4211 | D:6      | Reached XP level 8. HP: 55/60 MP: 8/8
  4277 | D:6      | Reached **** piety under Trog
  4390 | D:6      | Found Cagistrue's Armour Shoppe.
  4471 | D:6      | Reached skill level 7 in Unarmed Combat
  4483 | D:6      | Found a runed door.
  4547 | D:6      | Found a burning altar of Makhleb.
  4575 | D:6      | Found a snail-covered altar of Cheibriados.
  4862 | D:6      | Noticed Crazy Yiuf
  4870 | D:6      | Killed Crazy Yiuf
  4976 | D:7      | Reached skill level 5 in Armour
  5342 | D:7      | Noticed a hippogriff
  5348 | D:7      | Noticed Harold
  5349 | D:7      | Killed a hippogriff
  5362 | D:7      | Slain by Harold

Vault maps used:
D:1:      minmay_arrival_open_corners, serial_bayou_ford_a
D:2:      nicolae_overflow_hidden_temple, first_ration
D:3:      fedhas_altar_fruit_tree
D:4:      cheibrodos_fertilizer, minmay_temple_entry_glass, serial_shops,
          shop_statue, hangedman_glass_teeth
D:5:      yredelemnul_forgotten_temple_becter, kennysheep_mini
D:6:      led_sif_pool, lightli_temple_of_fire, kennysheep_mini_moat,
          ashenzari_altar_1, serial_shops, nicolae_shop_trees,
          uniq_crazy_yiuf_cottage
D:7:      uniq_harold

Skill      XL: |  1  2  3  4  5  6  7  8 |
---------------+-------------------------+-----
Armour         | 2 3 4 5 |  5.4
Dodging        | 2 3 |  3.8
Unarmed Combat | 3 4 5 6 7 |  7.9
Fighting       | 4 |  4.4
Stealth        | 1 2 |  2.3

Action                   |  1- 3 |  4- 6 |  7- 9 || total
-------------------------+-------+-------+-------++-------
Melee: Unarmed           |    73 |   129 |   173 ||   375
       Punch             |     3 |     1 |     4 ||     8
       Headbutt          |     2 |    13 |    26 ||    41
       Kick              |       |    29 |    57 ||    86
Invok: Berserk           |     3 |     5 |     7 ||    15
       Trog's Hand       |       |     1 |       ||     1
  Use: Scroll            |     7 |     6 |     3 ||    16
 Stab: Distracted        |       |       |     1 ||     1
  Eat: Chunk             |     1 |    16 |    15 ||    32
       Ration            |     1 |       |       ||     1
Armor: Animal skin       |     9 |       |       ||     9
       Ring mail         |    16 |    33 |    51 ||   100
Dodge: Dodged            |    46 |    94 |    70 ||   210

Table legend:
 A = Non-vault XP
 B = Vault XP
 C = Vault XP percentage of total XP
 D = Non-vault monster count
 E = Vault monster count
 F = Vault count percentage of total count
                 A         B        C        D         E       F
            +---------+---------+-------+---------+---------+-------
      Total |    2370 |     185 |   7.2 |     113 |      18 |  13.7
            +---------+---------+-------+---------+---------+-------
        D:1 |      16 |       0 |   0.0 |      10 |       0 |   0.0
        D:2 |      86 |       0 |   0.0 |       7 |       0 |   0.0
        D:3 |      96 |       0 |   0.0 |      24 |       0 |   0.0
        D:4 |     534 |     148 |  21.7 |      26 |      16 |  38.1
        D:5 |     281 |       1 |   0.4 |      19 |       1 |   5.0
        D:6 |     841 |      36 |   4.1 |      20 |       1 |   4.8
        D:7 |     516 |       0 |   0.0 |       7 |       0 |   0.0
            +---------+---------+-------+---------+---------+-------
